 Dungeon Crawl Stone Soup version 0.30-a0-778-g2ef04afb54 (webtiles) character file.

Game seed: 13953046151855103530

92859 Newt the Champion of Chaos (level 15, 0/120 HPs)
             Began as a Demonspawn Gladiator on Feb 15, 2023.
             Was the Champion of Makhleb.
             Slain by a grey draconian monk (17 damage)
             ... summoned by old memories
             ... in a wizard's laboratory.
             The game lasted 00:31:04 (19663 turns).

Newt the Champion of Chaos (Demonspawn Gladiator)  Turns: 19663, Time: 00:31:04

Health: 0/120      AC: 36    Str: 29    XL:     15   Next: 59%
Magic:  8/27       EV:  9    Int:  9    God:    Makhleb [******]
Gold:   1502       SH: 25    Dex: 14    Spells: 14/14 levels left

rFire   . . .      SeeInvis +    H - +6 war axe (protect)
rCold   + + .      Faith    .    a - +1 tower shield "Dianlag" {Rampage rC- rN+ Regen+}
rNeg    + . .      Spirit   .    c - +4 skin of Zhor {*Englaciate rC+++ SInv}
rPois   +          Reflect  +    N - +2 hat {Will+}
rElec   .          Harm     .    O - +2 cloak {rPois}
rCorr   .          Rampage  +    I - +2 pair of gloves {infuse}
Will    ++...                    m - +1 pair of boots {Stlth+}
Stlth   ++                       A - amulet of reflection
HPRegen 2.00/turn                o - +6 ring of strength
MPRegen 0.20/turn                y - ring of see invisible

@: under a protective aura
A: horns 1, icemail 2, spiny 2, sharp scales 3, condensation shield, talons 1,
regeneration 1
a: Renounce Religion, Minor Destruction, Lesser Servant of Makhleb, Major
Destruction, Greater Servant of Makhleb


You were in a wizard's laboratory.
You worshipped Makhleb.
Makhleb was exalted by your worship.
You visited 4 branches of the dungeon, and saw 21 of its levels.
You also visited: Sewer, Ossuary, Gauntlet, Ice Cave and Wizlab.

You collected 2733 gold pieces.
You spent 1231 gold pieces at shops.

Inventory:

Hand Weapons
 H - a +6 war axe of protection (weapon)
Missiles
 d - 3 throwing nets
 e - 9 javelins
 z - 37 poisoned darts
 C - 9 boomerangs (quivered)
 W - 2 atropa-tipped darts
 Z - 6 silver javelins
Armour
 a - the +1 tower shield "Dianlag" (worn) {Rampage rC- rN+ Regen+}
   (You acquired it in an ice cave)

   rC:        It makes you vulnerable to cold.
   rN:        It protects you from negative energy.
   Regen:     It increases your rate of health regeneration.
   Rampage:   It bestows one free step when moving towards enemies.
 c - the +4 skin of Zhor (worn) {*Englaciate rC+++ SInv}
   (You bought it in a shop on level 10 of the Dungeon)

   *Englaciate: It radiates cold, occasionally slowing all nearby creatures who
   are not resistant to cold.
   rC:        It renders you almost immune to cold.
   SInv:      It lets you see invisible.
 m - a +1 pair of boots of stealth (worn)
 I - a +2 pair of gloves of infusion (worn)
 N - a +2 hat of willpower (worn)
 O - a +2 cloak of poison resistance (worn)
 V - +0 fire dragon scales
Jewellery
 o - a +6 ring of strength (left hand)
 y - a ring of see invisible (right hand)
 A - an amulet of reflection (around neck)
Wands
 n - a wand of paralysis (3)
 t - a wand of roots (21)
 D - a wand of digging (4)
 J - a wand of flame (5)
 Q - a wand of mindburst (17)
 T - a wand of quicksilver (10)
Scrolls
 b - a scroll of fog
 j - 5 scrolls of fear
 l - a scroll of blinking
 F - 3 scrolls of silence
 P - 13 scrolls of identify
 R - 2 scrolls of magic mapping
 S - 6 scrolls of teleportation
Potions
 f - 3 potions of might
 g - 6 potions of ambrosia
 i - 5 potions of haste
 p - 2 potions of invisibility
 r - 10 potions of curing
 s - 3 potions of resistance
 u - 5 potions of lignification
 v - 5 potions of heal wounds
 w - 5 potions of cancellation
 x - a potion of magic
 B - a potion of flight
 G - 3 potions of mutation
 L - a potion of berserk rage
 Y - a potion of attraction
Miscellaneous
 E - a lightning rod (4/4)


   Skills:
 - Level 12.0 Fighting
 - Level 4.0 Short Blades
 - Level 14.0 Axes
 - Level 6.2 Throwing
 + Level 11.5 Armour
 - Level 2.6 Dodging
 - Level 8.0 Shields
 - Level 16.0 Invocations
 - Level 4.0 Evocations


You had 14 spell levels left.
You didn't know any spells.
Your spell library contained the following spells:

 Spells                   Type           Power      Damage    Failure   Level
 Magic Dart               Conj           0%         1d3       97%         1
 Blink                    Tloc           0%         N/A       99%         2
 Call Imp                 Summ           0%         N/A       99%         2
 Lesser Beckoning         Tloc           0%         N/A       99%         2
 Momentum Strike          Conj/Tloc      0%         3d8       99%         2
 Frozen Ramparts          Ice            0%         1d1       100%        3
 Gell's Gravitas          Tloc           0%         N/A       100%        3
 Kindle Blastsparks       Fire/Tloc/Air  0%         2d10      100%        3
 Mephitic Cloud           Conj/Pois/Air  0%         N/A       100%        3
 Ozocubu's Armour         Ice            0%         N/A       100%        3
 Portal Projectile        Hex/Tloc       0%         N/A       100%        3
 Teleport Other           Tloc           0%         N/A       100%        3
 Tukima's Dance           Hex            0%         N/A       100%        3
 Animate Dead             Necr           0%         N/A       100%        4
 Fulminant Prism          Conj/Hex       0%         3d5       100%        4
 Iskenderun's Mystic Bla  Conj/Tloc      0%         2d3       100%        4
 Leda's Liquefaction      Hex/Erth       0%         N/A       100%        4
 Manifold Assault         Tloc           0%         N/A       100%        4
 Blade Hands              Tmut           0%         N/A       100%        5
 Borgnjor's Vile Clutch   Necr/Erth      0%         N/A       100%        5
 Lee's Rapid Deconstruct  Erth           0%         3d4*      100%        5
 Metabolic Englaciation   Hex/Ice        0%         N/A       100%        5
 Death Channel            Necr           0%         N/A       100%        6
 Dispersal                Tloc           0%         N/A       100%        6
 Simulacrum               Ice/Necr       0%         N/A       100%        6
 Statue Form              Tmut/Erth      0%         N/A       100%        6
 Storm Form               Tmut/Air       0%         N/A       100%        7


Dungeon Overview and Level Annotations

Branches:
Dungeon (13/15)            Temple (0/1) D:7            Lair (5/5) D:9
 Shoals (0/4) Lair:3        Snake (0/4) Lair:3        Slime (0/5) Lair:5
    Orc (2/2) D:10            Elf (1/3) Orc:2         Sewer (visited)
Ossuary (visited)           IceCv (visited)          WizLab (1/1)
Gauntlet (visited)
 Vaults: D:13-14

Altars:
Dithmenos
Makhleb
Trog
Vehumet
Xom
Yredelemnul
Jiyva

Shops:
D:2 (   D:10 [   Orc:2 (=!*

Portals:
Pandemonium: Orc:2

Annotations:
D:7 2 transporters, Aneyh's ghost, novice TeMo


Innate Abilities, Weirdness & Mutations

You have a pair of small horns on your head.
A meltable icy envelope protects you from harm. (AC +8)
You are mostly covered in sharp spines.
You are completely covered in razor-sharp scales. (AC +3, Slay +3)
A meltable shield of frost defends you. (SH +4)
You have sharp toenails.
Your natural rate of healing is unusually fast.


Message History

The grey draconian monk tail-slaps you but does no damage.
You block the grey draconian monk's attack.
You barely miss the grey draconian monk.
The grey draconian monk is moderately wounded.
You closely miss the grey draconian monk.
You hit the grey draconian monk.
You radiate an aura of cold.
The grey draconian monk seems to slow down.
The grey draconian monk resists. x2
You block the grey draconian monk's attack.
The grey draconian monk barely misses you.
You block the grey draconian monk's attack.
The grey draconian monk tail-slaps you.
* * * LOW HITPOINT WARNING * * *
You closely miss the grey draconian monk.
The grey draconian monk is moderately wounded.
You slash the grey draconian monk!
You hit the grey draconian monk but do no damage.
You block the grey draconian monk's attack.
The grey draconian monk kicks you but does no damage.
The grey draconian monk tail-slaps you but does no damage.
You block the grey draconian monk's attack.
The grey draconian monk hits you but does no damage.
The grey draconian monk kicks you.
* * * LOW HITPOINT WARNING * * *
You block the grey draconian monk's attack. x2
The grey draconian monk is struck by your spines.
The grey draconian monk hits you but does no damage.
The grey draconian monk kicks you but does no damage.
The grey draconian monk tail-slaps you but does no damage.
The grey draconian monk tail-slaps you.
* * * LOW HITPOINT WARNING * * *
A demon appears!
The grey draconian monk is no longer moving slowly.
You block the grey draconian monk's attack. x2
The grey draconian monk tail-slaps you.
* * * LOW HITPOINT WARNING * * *
The grey draconian monk tail-slaps you!
* * * LOW HITPOINT WARNING * * *
The grey draconian monk hits you!
You die...

##############
##...q..3......
#....q@q.......
##..###'''###. #
#......♣# ♣♣♣♣......♣
♣♣.........♣ #####
♣♣......8......
##...##♣..............
#..∩..'...............
##...##♣......♣.......


You could see 3 draconians and a friendly neqoxec (summoned).

Vanquished Creatures
  Gastronok (Orc:1)
  A reaper (IceCv)
  Nessos (Lair:3)
  2 minotaurs
  Snorg (Orc:1)
  2 fire dragons
  A great orb of eyes (D:12)
  2 hydras
  Fannar (Lair:1)
  2 centaur warriors
  Erica (D:10)
  A demonspawn (Orc:2)
  A catoblepas (Lair:5)
  9 two-headed ogres
  A dancing weapon (Elf:1)
  A boulder beetle (D:11)
  3 death yaks (Lair:5)
  7 orc high priests (Orc:2)
  Sonja (D:12)
  A soul eater (Orc:2)
  A deep elf knight (Elf:1)
  3 skysharks
  A deep elf archer (Elf:1)
  A wizard (Gauntlet)
  A swamp dragon (Lair:5)
  An orange crystal statue (Gauntlet)
  2 lindwurms (Lair:2)
  4 harpies (Lair:3)
  4 orc knights (Orc:2)
  5 deep elf zephyrmancers (Elf:1)
  5 deep elf pyromancers
  4 orc sorcerers (Orc:2)
  3 cyclopes
  4 manticores
  4 ugly things (D:12)
  9 elephants
  5 black mambas
  A smoke demon (Orc:2)
  3 ice statues
  15 cane toads
  2 minotaur zombies (Gauntlet)
  Maggie (Lair:1)
  An orange demon (Orc:2)
  2 gargoyles (D:12)
  12 komodo dragons
  6 rime drakes
  Psyche (D:10)
  An efreet (D:13)
  An unseen horror (D:12)
  An anaconda simulacrum (IceCv)
  A kobold demonologist (D:12)
  A freezing wraith (D:12)
  3 ice devils (IceCv)
  A red devil (Orc:2)
  2 queen bees
  3 trolls
  A meliai (shapeshifter) (D:13)
  32 blink frogs
  6 dream sheep (Lair:5)
  2 slime creatures (D:12)
  A wraith (D:12)
  22 yaks
  A vampire (D:13)
  2 dire elephant simulacra (IceCv)
  2 wyverns
  5 basilisks
  A steam dragon (Lair:5)
  8 vampire mosquitoes
  2 wargs (Orc:1)
  3 harpy simulacra (IceCv)
  3 nagas (Lair:3)
  4 hydra simulacra (IceCv)
  8 acid dragons
  14 water moccasins
  31 orc warriors
  3 swamp drakes (Lair:5)
  5 black bears
  3 ice beasts
  2 sky beasts
  8 ogres
  5 wolves (Lair:5)
  7 centaurs
  4 kobold brigands
  9 bullfrogs
  5 scorpions
  3 gnoll sergeants
  A two-headed ogre simulacrum (IceCv)
  9 wights
  An elephant simulacrum (IceCv)
  45 killer bees
  An electric eel (Lair:1)
  5 howler monkeys
  2 human zombies (Ossuary)
  25 orc priests
  2 hounds (D:5)
  2 jellies
  A gnoll bouda (D:9)
  17 orc wizards
  9 iguanas
  A troll simulacrum (IceCv)
  5 hell rats (Lair:3)
  A wolf simulacrum (IceCv)
  4 mummies (Ossuary)
  Robin (D:3)
  30 gnolls
  8 adders
  3 river rats (Sewer)
  2 shadow imps (D:7)
  5 white imps
  An ufetubus (D:6)
  6 worms
  4 dart slugs
  64 orcs
  8 bats
  9 endoplasms
  3 giant cockroaches
  14 goblins
  8 hobgoblins
  3 jackals (D:3)
  19 kobolds
  5 quokkas
  5 ball pythons
  5 frilled lizards
  3 goblin zombies (Ossuary)
  3 hobgoblin zombies (Ossuary)
  6 rats
  A spectral orc (D:5)
704 creatures vanquished.

Vanquished Creatures (collateral kills)
  The ghost of Coahuwom the Blocker, a journeyman FoFi of Okawaru (D:12)
  A minotaur zombie (Gauntlet)
  An acid dragon (D:12)
3 creatures vanquished.

Vanquished Creatures (others)
  25 fungi
  63 plants
88 creatures vanquished.

Grand Total: 795 creatures vanquished

Notes
Turn   | Place    | Note
-------+----------+-------------------------------------------
     0 | D:1      | Newt the Demonspawn Gladiator began the quest for the Orb.
     0 | D:1      | Reached XP level 1. HP: 16/16 MP: 1/1
   169 | D:1      | Gained mutation: A meltable shield of frost defends you.
                  | (SH +4) [demonic ancestry]
   169 | D:1      | Reached XP level 2. HP: 20/23 MP: 2/2
   450 | D:1      | Found a faded altar of an unknown god.
   741 | D:1      | Gained mutation: A meltable icy envelope protects you from
                  | harm. (AC +8) [demonic ancestry]
   741 | D:1      | Reached XP level 3. HP: 29/29 MP: 3/3
  1310 | D:2      | Found Elock's Weapon Emporium.
  2023 | D:3      | Gained mutation: You are partially covered in sharp spines.
                  | [demonic ancestry]
  2023 | D:3      | Reached XP level 4. HP: 37/37 MP: 4/4
  2215 | D:3      | Gained mutation: You are partially covered in razor-sharp
                  | scales. (AC +1, Slay +1) [demonic ancestry]
  2215 | D:3      | Reached XP level 5. HP: 35/42 MP: 5/5
  2218 | D:3      | Reached skill level 1 in Armour
  2239 | D:3      | Noticed Robin
  2245 | D:3      | Killed Robin
  2329 | D:3      | Found a glowing drain.
  2338 | Sewer    | Entered a sewer
  2430 | Sewer    | Gained mutation: A meltable icy envelope protects you from
                  | harm. (AC +8) [demonic ancestry]
  2430 | Sewer    | Reached XP level 6. HP: 47/48 MP: 6/6
  2928 | D:4      | Reached skill level 5 in Fighting
  2928 | D:4      | Reached XP level 7. HP: 51/56 MP: 7/7
  3035 | D:4      | Found a shadowy altar of Dithmenos.
  3283 | D:4      | Reached skill level 1 in Evocations
  3644 | D:5      | Entered Level 5 of the Dungeon
  3745 | D:5      | Found a sand-covered staircase.
  3755 | Ossuary  | Entered an ossuary
  4148 | D:5      | Gained mutation: You have a pair of small horns on your
                  | head. [demonic ancestry]
  4148 | D:5      | Reached XP level 8. HP: 60/64 MP: 8/8
  4171 | D:5      | Found a basalt altar of Yredelemnul.
  4963 | D:5      | Reached skill level 5 in Throwing
  5071 | D:6      | Reached skill level 1 in Axes
  5156 | D:6      | Reached XP level 9. HP: 57/69 MP: 9/9
  5170 | D:6      | Identified the +0 chain mail of Tenacity {Will+ Dex+4}
  5354 | D:6      | Identified the amulet "Cuimn" {Spirit Stlth+}
  5527 | D:7      | Reached skill level 5 in Axes
  5605 | D:7      | Found a shimmering altar of Xom.
  5640 | D:7      | Found a staircase to the Ecumenical Temple.
  5667 | D:7      | Found a transporter.
  5675 | D:7      | Found a bloodstained altar of Trog.
  5683 | D:7      | Found a transporter.
  5684 | D:7      | Noticed Aneyh's ghost (novice TeMo)
  5685 | D:7      | Noticed a moth of wrath
  6725 | D:8      | Found a burning altar of Makhleb.
  6915 | D:8      | Became a worshipper of Makhleb the Destroyer
  7001 | D:9      | Reached XP level 10. HP: 76/76 MP: 10/10
  7225 | D:9      | Reached * piety under Makhleb
  7451 | D:9      | Found a staircase to the Lair.
  7593 | D:10     | Entered Level 10 of the Dungeon
  7668 | D:10     | Noticed Psyche
  7677 | D:10     | Killed Psyche
  7678 | D:10     | Reached skill level 10 in Axes
  7790 | D:10     | Found a bloodstained altar of Trog.
  7858 | D:10     | Found a staircase to the Orcish Mines.
  7876 | D:10     | Noticed Erica
  7880 | D:10     | Reached skill level 5 in Armour
  7899 | D:10     | Killed Erica
  8253 | D:10     | Found Plog's Armour Boutique.
  8366 | D:11     | Noticed a two-headed ogre
  8379 | D:11     | Killed a two-headed ogre
  8432 | D:11     | Noticed a cyclops
  8440 | D:11     | Killed a cyclops
  8441 | D:11     | Reached XP level 11. HP: 71/81 MP: 11/11
  8467 | D:11     | Noticed a boulder beetle
  8495 | D:11     | Killed a boulder beetle
  8495 | D:11     | Reached ** piety under Makhleb
  8505 | D:11     | Noticed a two-headed ogre
  8515 | D:11     | Killed a two-headed ogre
  8707 | D:11     | Noticed a two-headed ogre
  8719 | D:11     | Killed a two-headed ogre
  8721 | D:11     | Reached skill level 1 in Shields
  9150 | D:12     | Reached skill level 5 in Shields
  9159 | D:12     | Noticed a fire dragon
  9161 | D:12     | Noticed a cyan ugly thing
  9163 | D:12     | Noticed a great orb of eyes
  9168 | D:12     | Noticed a cyan ugly thing
  9169 | D:12     | Killed a fire dragon
  9173 | D:12     | Killed a great orb of eyes
  9176 | D:12     | Killed a cyan ugly thing
  9176 | D:12     | Noticed a two-headed ogre
  9182 | D:12     | Killed a cyan ugly thing
  9182 | D:12     | Reached *** piety under Makhleb
  9190 | D:12     | Gained mutation: You are mostly covered in razor-sharp
                  | scales. (AC +2, Slay +2) [demonic ancestry]
  9190 | D:12     | Reached XP level 12. HP: 84/88 MP: 12/12
  9193 | D:12     | Killed a two-headed ogre
  9249 | D:12     | Noticed a centaur warrior
  9249 | D:12     | Noticed a two-headed ogre
  9250 | D:12     | Found a runed translucent gate.
  9251 | D:12     | Found a runed translucent gate.
  9251 | D:12     | Noticed a minotaur
  9252 | D:12     | Found a runed translucent gate.
  9253 | D:12     | Noticed Coahuwom's ghost (journeyman FoFi)
  9260 | D:12     | Killed a two-headed ogre
  9279 | D:12     | Noticed a two-headed ogre
  9290 | D:12     | Killed a two-headed ogre
  9432 | D:12     | Reached skill level 1 in Invocations
  9620 | D:12     | Reached skill level 2 in Invocations
  9622 | D:12     | Reached skill level 3 in Invocations
  9627 | D:12     | Reached skill level 4 in Invocations
  9641 | D:12     | Reached **** piety under Makhleb
  9668 | D:12     | Noticed a two-headed ogre
  9679 | D:12     | Reached skill level 5 in Invocations
  9680 | D:12     | Killed a two-headed ogre
  9681 | D:12     | Reached skill level 6 in Invocations
  9744 | D:12     | Reached skill level 7 in Invocations
  9777 | D:12     | Noticed a two-headed ogre
  9785 | D:12     | Killed a two-headed ogre
  9786 | D:12     | Reached skill level 8 in Invocations
 10007 | D:12     | Noticed Sonja
 10014 | D:12     | Killed Sonja
 10147 | D:12     | Killed a centaur warrior
 10159 | D:12     | Killed a minotaur
 10160 | D:12     | Killed Coahuwom's ghost
 10230 | D:13     | Gained mutation: You are completely covered in razor-sharp
                  | scales. (AC +3, Slay +3) [demonic ancestry]
 10230 | D:13     | Reached XP level 13. HP: 98/98 MP: 19/19
 10889 | D:13     | Identified a scroll of acquirement
 10890 | D:13     | Acquired 777 gold pieces
 10995 | D:10     | Bought the +4 skin of Zhor {*Englaciate rC+++ SInv} for 997
                  | gold pieces
 10995 | D:10     | Found the +4 skin of Zhor {*Englaciate rC+++ SInv}
 11097 | Lair:1   | Entered Level 1 of the Lair of Beasts
 11471 | Lair:1   | Reached ***** piety under Makhleb
 11666 | Lair:1   | Noticed Fannar
 11685 | Lair:1   | Killed Fannar
 11692 | Lair:1   | Noticed Maggie
 11698 | Lair:1   | Killed Maggie
 12339 | Lair:2   | Reached skill level 9 in Invocations
 12494 | Lair:2   | Reached skill level 10 in Invocations
 12780 | Lair:2   | Reached skill level 11 in Invocations
 13102 | Lair:3   | Noticed Nessos
 13110 | Lair:3   | Killed Nessos
 13120 | Lair:3   | Reached skill level 12 in Invocations
 13368 | Lair:3   | Found a staircase to the Shoals.
 13386 | Lair:3   | Reached skill level 13 in Invocations
 13457 | Lair:3   | Gained mutation: You are mostly covered in sharp spines.
                  | [demonic ancestry]
 13457 | Lair:3   | Reached XP level 14. HP: 105/105 MP: 23/23
 13892 | Lair:3   | Reached skill level 14 in Invocations
 14085 | Lair:3   | Found a staircase to the Snake Pit.
 14400 | Lair:4   | Reached skill level 15 in Invocations
 14440 | Lair:4   | Reached ****** piety under Makhleb
 15319 | Lair:5   | Entered Level 5 of the Lair of Beasts
 15694 | Lair:5   | Reached skill level 16 in Invocations
 15871 | Lair:5   | Identified the +4 ring mail of Poor Excuses {Str+3}
 16176 | Lair:5   | Reached skill level 10 in Fighting
 16758 | Lair:5   | Gained mutation: You have sharp toenails. [potion of
                  | mutation]
 16758 | Lair:5   | Gained mutation: Your natural rate of healing is unusually
                  | fast. [potion of mutation]
 16854 | Lair:5   | Found a viscous altar of Jiyva.
 16854 | Lair:5   | Found a staircase to the Slime Pits.
 17043 | Orc:1    | Entered Level 1 of the Orcish Mines
 17101 | Orc:1    | Noticed Snorg
 17121 | Orc:1    | Killed Snorg
 17125 | Orc:1    | Noticed Gastronok
 17141 | Orc:1    | Killed Gastronok
 17395 | Orc:2    | Entered Level 2 of the Orcish Mines
 17395 | Orc:2    | Found a frozen archway.
 17399 | Orc:2    | Found a gate leading to a gauntlet.
 17402 | IceCv    | Entered an ice cave
 17629 | IceCv    | Noticed a reaper
 17636 | IceCv    | Killed a reaper
 17637 | IceCv    | Reached XP level 15. HP: 120/120 MP: 27/27
 17649 | IceCv    | Acquired the +1 tower shield "Dianlag" {Rampage rC- rN+
                  | Regen+}
 17668 | IceCv    | Got the Essays on the Iceberg
 17741 | Gauntlet | Entered a Gauntlet
 17741 | Gauntlet | Found a transporter.
 17741 | Gauntlet | Found a transporter.
 17742 | Gauntlet | Found a transporter.
 17742 | Gauntlet | Found a transporter.
 17745 | Gauntlet | Found a transporter.
 17745 | Gauntlet | Found a transporter.
 17747 | Gauntlet | Found a large runed translucent door.
 17748 | Gauntlet | Found a large runed translucent door.
 17749 | Gauntlet | Found a large runed translucent door.
 17749 | Gauntlet | Found a large runed translucent door.
 17749 | Gauntlet | Found a runed translucent door.
 17749 | Gauntlet | Found a runed translucent door.
 17750 | Gauntlet | Found a large runed translucent door.
 17750 | Gauntlet | Found a large runed translucent door.
 17750 | Gauntlet | Found a large runed translucent door.
 17750 | Gauntlet | Found a large runed translucent door.
 17751 | Gauntlet | Found a large runed translucent door.
 17751 | Gauntlet | Found a large runed translucent door.
 17752 | Gauntlet | Found a large runed translucent door.
 17752 | Gauntlet | Found a large runed translucent door.
 17753 | Gauntlet | Found a runed translucent gate.
 17753 | Gauntlet | Found a runed translucent gate.
 17753 | Gauntlet | Found a runed translucent gate.
 17755 | Gauntlet | Found a transporter.
 17759 | Gauntlet | Found a transporter.
 17771 | Gauntlet | Found a transporter.
 17801 | Gauntlet | Found a large runed translucent door.
 17801 | Gauntlet | Found a large runed translucent door.
 17804 | Gauntlet | Found a large runed translucent door.
 17804 | Gauntlet | Found a large runed translucent door.
 17870 | Gauntlet | Found a transporter.
 17874 | Gauntlet | Found a transporter.
 17884 | Gauntlet | Found a transporter.
 18043 | Gauntlet | Identified the amulet "Noeppax" {Acrobat Fragile rC+ Int+2}
 18498 | Orc:2    | Found Xaiwailu's Distillery.
 18498 | Orc:2    | Found Padghece's General Store.
 18776 | Orc:2    | Found a staircase to the Elven Halls.
 18943 | Orc:2    | Found a radiant altar of Vehumet.
 19015 | Orc:2    | Reached skill level 10 in Armour
 19334 | Orc:2    | Found Loes's Antique Weapon Shoppe.
 19334 | Orc:2    | Found Soymusab's Jewellery Emporium.
 19335 | Orc:2    | Found a one-way gate leading to the halls of Pandemonium.
 19337 | Orc:2    | Bought a runed war axe for 234 gold pieces
 19472 | Elf:1    | Entered Level 1 of the Elven Halls
 19598 | Elf:1    | Found a magical portal.
 19603 | WizLab   | Entered Wucad Mu's Monastery
 19651 | WizLab   | Noticed a grey draconian monk
 19651 | WizLab   | Noticed a grey draconian monk
 19651 | WizLab   | Noticed a grey draconian monk
 19663 | WizLab   | Slain by a grey draconian monk

Illustrated notes

Levels and vault maps discovered:
D:1:      mrwooster_arrival_statue_2, layout_loops_corners,
          chequers_ecumenical_altar_simple_redux, patterned_corridor
D:2:      layout_loops_ring, serial_shops, nicolae_shop_trees
D:3:      layout_basic, portal_sewer_entry_a, uniq_robin
D:4:      layout_basic, nicolae_dithmenos_through_a_glass_darkly
D:5:      layout_basic, yredelemnul_forgotten_temple_becter,
          nicolae_ossuary_entry_ruins
D:6:      layout_rooms
D:7:      layout_cave_pools, dk_xom_monty_hall, minmay_temple_entry_arrows,
          gammafunk_ghost_wrathful_warriors
D:8:      layout_loops_cross, bloody_makhleb, chequers_serial_rivers_micro_d
D:9:      layout_roguey, grunt_lair_entry_orc_guard_hut
D:10:     layout_roguey, mainiacjoe_overflow_small_starburst, orc_0_dummy,
          serial_shops, shop, minivault_24, uniq_erica, uniq_psyche
D:11:     layout_roguey
D:12:     regret_index_tunnel_blossom, layout_irregular_city,
          maelrawn_ghost_gauntlet_escape, serial_column_ruins,
          column_ruins_circle_small, column_ruins_corridor_straight,
          column_ruins_grid_2, column_ruins_open_medium, minmay_circle_x,
          uniq_sonja
D:13:     layout_loops_corners, david_vaults_1, minivault_16
Lair:1:   layout_regular_city, infiniplex_staircase_pool, grunt_megastairs_2,
          lemuel_fruit_fields, uniq_maggie, uniq_fannar
Lair:2:   layout_chaotic_city, nicolae_lair_lindhole,
          infiniplex_staircase_pool_2
Lair:3:   layout_big_grid, nicolae_shoals_entry_roost,
          nicolae_snake_entry_squirm, uniq_nessos
Lair:4:   layout_layer_cave, minmay_holes
Lair:5:   guppyfry_lair_end_dragon, layout_gridlike, dpeg_slime_entry_corner,
          minivault_25, grunt_megastairs_4, serial_bayou_shore_b,
          lemuel_fruit_fields
Orc:1:    layout_caves, uniq_gastronok, uniq_snorg
Orc:2:    pf_orc_diabolical, layout_caves, portal_ice_cave_entry_pillars_1,
          gauntlet_entry_generic, lemuel_statue_altar, minmay_orc_temple_b
Elf:1:    elf_arrival_001, layout_geoelf_diagonals, serial_sigils,
          serial_sigils_hangedman_confine, serial_sigils_hangedman_carve,
          serial_sigils_hangedman_scratch, serial_sigils_hangedman_stare,
          serial_sigils_hangedman_gut, serial_sigils_hangedman_shear,
          infiniplex_enter_wizlab_spiral, hangedman_elf_disciples, uniq_azrael
WizLab:   wizlab_wucad

Skill      XL: |  1  2  3  4  5  6  7  8  9 10 11 12 13 14 15 |
---------------+----------------------------------------------+-----
Fighting       | 3 4 5 6 8 11 12 | 12.0
Short Blades   | 3 4 |  4.0
Armour         | 3 4 7 8 11 | 11.5
Evocations     | 4 |  4.0
Throwing       | 2 6 |  6.2
Axes           | 3 8 10 11 12 14 | 14.0
Shields        | 7 8 |  8.0
Invocations    | 8 13 16 | 16.0
Dodging        | |  2.6

Action                     |  1- 3 |  4- 6 |  7- 9 | 10-12 | 13-15 || total
---------------------------+-------+-------+-------+-------+-------++-------
  Melee: Rapier            |    65 |       |       |       |       ||    65
         Short sword       |    83 |   163 |   218 |       |       ||   464
         Punch             |     3 |     2 |    12 |     1 |       ||    18
         War axe           |       |       |   140 |   438 |   930 ||  1508
         Headbutt          |       |       |    38 |   110 |   249 ||   397
         Kick              |       |       |       |       |    66 ||    66
  Throw: Boomerang         |       |       |     4 |     1 |    22 ||    27
         Dart              |       |       |       |     2 |     2 ||     4
         Javelin           |       |       |       |       |     6 ||     6
 Invoke: Lesser Servant of |       |       |       |     1 |     1 ||     2
         Major Destruction |       |       |       |       |     1 ||     1
         Greater Servant o |       |       |       |       |     1 ||     1
  Evoke: Wand              |       |       |       |       |     5 ||     5
    Use: Scroll            |     7 |     2 |    13 |     7 |     7 ||    36
         Potion            |       |     4 |     3 |    11 |     5 ||    23
   Stab: Sleeping          |       |       |     1 |       |     7 ||     8
         Distracted        |       |       |       |     1 |     2 ||     3
         Petrified         |       |       |       |       |     4 ||     4
         Petrifying        |       |       |       |       |     1 ||     1
 Armour: Leather armour    |    39 |    44 |    44 |       |       ||   127
         Ring mail         |       |       |    32 |       |       ||    32
         Chain mail        |       |       |    59 |   233 |    25 ||   317
         Animal skin       |       |       |       |       |   356 ||   356
  Dodge: Dodged            |    72 |    65 |   149 |   185 |   243 ||   714
  Block: Other             |    24 |    20 |    48 |    40 |       ||   132
         Kite shield       |       |       |       |   281 |   654 ||   935
         Reflection        |       |       |       |       |    15 ||    15
         Tower shield      |       |       |       |       |   302 ||   302

Table legend: (Time is in decaauts)
 A = Elapsed time spent in this place.
 B = Non-inter-level travel time spent in this place.
 C = Inter-level travel time spent in this place.
 D = Time resting spent in this place.
 E = Time spent auto-exploring this place.
 F = Levels seen in this place.
 G = Mean time per level.
                   A        B        C        D        E       F      G
               +--------+--------+--------+--------+--------+-----+--------+
         Total |  19724 |  18768 |    956 |   2166 |  12133 |  26 |  758.6 |
       Dungeon |  10516 |   9789 |    727 |   1010 |   6636 |  13 |  808.9 |
          Lair |   5902 |   5724 |    178 |    868 |   3868 |   5 | 1180.4 |
  Orcish Mines |   1693 |   1643 |     50 |    259 |    996 |   2 |  846.5 |
   Elven Halls |    135 |    135 |      0 |      0 |      0 |   1 |  135.0 |
         Sewer |    378 |    378 |      0 |      0 |    130 |   1 |  378.0 |
       Ossuary |    273 |    273 |      0 |     29 |    105 |   1 |  273.0 |
      Ice Cave |    315 |    315 |      0 |      0 |    123 |   1 |  315.0 |
        Wizlab |     62 |     62 |      0 |      0 |     38 |   1 |   62.0 |
      Gauntlet |    447 |    447 |      0 |      0 |    236 |   1 |  447.0 |
               +--------+--------+--------+--------+--------+-----+--------+

Top non-repeatable levels by time:
  Lair:4: 1391 daAuts
  Lair:5: 1350 daAuts
   Orc:2: 1333 daAuts
    D:12: 1207 daAuts
     D:1: 1174 daAuts
  Lair:3: 1143 daAuts
     D:5: 1041 daAuts
  Lair:1: 1035 daAuts
  Lair:2: 981 daAuts
    D:10: 893 daAuts
     D:8: 869 daAuts
     D:4: 779 daAuts
    D:11: 738 daAuts
     D:2: 703 daAuts
     D:9: 687 daAuts
